 Dungeon Crawl Stone Soup version 0.17-a0-1850-g688e747 (webtiles) character file.

28 Stormsson the Skirmisher (level 3, 0/29 HPs)
             Began as a Demonspawn Abyssal Knight on Sept 17, 2015.
             Was a Follower of Lugonu.
             Slain by a hobgoblin
             ... wielding a +0 club
              (4 damage)
             ... on level 2 of the Dungeon on Sept 18, 2015.
             The game lasted 00:05:18 (957 turns).

Stormsson the Skirmisher (Demonspawn Abyssal Knight) Turns: 957, Time: 00:05:18

Health: 0/29       AC:  6    Str: 13    XL:     3   Next: 0%
Magic:  4/4        EV: 11    Int: 13    God:    Lugonu [*.....]
Gold:   60         SH:  0    Dex: 12    Spells: 0 memorised, 2 levels left

rFire  . . .     SeeInvis .     a - +1 mace
rCold  . . .     Clarity  .     b - +0 leather armour
rNeg   . . .     SustAt   +     (no shield)
rPois  .         Gourm    .     (no helmet)
rElec  .         Spirit   .     (no cloak)
rCorr  .         Warding  .     (no gloves)
rMut   .         Stasis   .     (no boots)
MR     .....                    (no amulet)
Stlth  +.........               (no ring)
                                f - ring of sustain attributes

@: not resistant to hostile enchantments, very unstealthy
A: thin metallic scales 2, blurry vision 1, low mp 1, MP-powered wands
a: Depart the Abyss, Renounce Religion


You were on level 2 of the Dungeon.
You worshipped Lugonu.
Lugonu was aware of your devotion.
You were hungry.

You visited 1 branch of the dungeon, and saw 2 of its levels.
You visited the Abyss 1 time.

You collected 60 gold pieces.

Inventory:

Hand weapons
 a - a +1 mace (weapon)
Armour
 b - a +0 leather armour (worn)
Jewellery
 f - a ring of sustain attributes (left hand)
 k - a +2 ring of protection {unknown}
Scrolls
 i - a scroll of remove curse
Potions
 d - a potion of degeneration {unknown}
 e - a potion of ambrosia {unknown}
 g - a potion of agility {unknown}
 h - a potion of heal wounds {unknown}
 l - a potion of curing {unknown}
Comestibles
 c - a bread ration
 j - a meat ration


   Skills:
 + Level 3.4 Fighting
 + Level 2.1 Maces & Flails
 + Level 2.0 Armour
 + Level 1.2 Dodging
 + Level 2.8 Invocations


You had 2 spell levels left.
You didn't know any spells.

Dungeon Overview and Level Annotations

Branches:
Dungeon (2/15)

Altars:
Cheibriados
Elyvilon


Innate Abilities, Weirdness & Mutations

You are mostly covered in thin metallic scales (AC +3).
Scrolls take you a little longer to read.
Your magical capacity is low (-10% MP).
You expend magic power (3 MP) to strengthen your wands.


Message History

Things that are here:
a dagger; a kobold corpse You hit the rat.
You kill the rat!
Lugonu accepts your kill.
You have reached level 3!
Your experience leads to an increase in your attributes!
Increase (S)trength, (I)ntelligence, or (D)exterity?
You feel stronger.
Your demonic ancestry asserts itself...
Thin metallic scales spread over more of your body.
You hit the hobgoblin.
The hobgoblin is severely wounded.
The hobgoblin hits you but does no damage.
You closely miss the hobgoblin.
The hobgoblin is severely wounded.
The hobgoblin barely misses you.
You closely miss the hobgoblin.
The hobgoblin is severely wounded.
The hobgoblin hits you with a club.
You die...

.gr....#r..#### . #......#
.#######.#.# ###.#### .# #...#
#.# .# ##.## #.### .#
##..g####### #...#
g######....r.....### ###.#
.....##....##......# #.#
.###.##.#.###.##g#.#########.#
.###....#.....##@#.#.........#
.....#######..##.....#########
#.##....#.....####.###
.....##.#.###.####.#
......#.#.# #......#
#.##.##...# ########
..##.###.### ..##..)....#
.....###.#.#


You could see a hobgoblin.

Vanquished Creatures
  A worm (D:1)
  2 bats (D:1)
  3 giant cockroaches (D:1)
  5 hobgoblins (D:1)
  A giant newt (D:1)
  4 goblins
  7 kobolds
  3 rats
26 creatures vanquished.

Notes
Turn   | Place    | Note
--------------------------------------------------------------
     0 | Abyss:1  | Stormsson the Demonspawn Abyssal Knight began the quest for the Orb.
     0 | Abyss:1  | Reached XP level 1. HP: 18/18 MP: 2/2
    55 | D:1      | Escaped the Abyss
   116 | D:1      | Upgraded the game from 0.17-a0-1842-gacc33f2 to 0.17-a0-1850-g688e747
   210 | D:1      | Acquired Lugonu's first power
   221 | D:1      | Gained mutation: You are partially covered in thin metallic scales (AC +2). [demonic ancestry]
   221 | D:1      | Reached XP level 2. HP: 24/24 MP: 4/4
   258 | D:1      | Reached skill level 1 in Dodging
   445 | D:1      | Gained mutation: You expend magic power (3 MP) to strengthen your wands. [potion of mutation]
   445 | D:1      | Gained mutation: Your magical capacity is low (-10% MP). [potion of mutation]
   445 | D:1      | Gained mutation: Scrolls take you a little longer to read. [potion of mutation]
   905 | D:2      | Found a white marble altar of Elyvilon.
   905 | D:2      | Found a snail-covered altar of Cheibriados.
   954 | D:2      | Gained mutation: You are mostly covered in thin metallic scales (AC +3). [demonic ancestry]
   954 | D:2      | Reached XP level 3. HP: 3/29 MP: 4/4
   957 | D:2      | Slain by a hobgoblin

Vault maps used:
D:1:      lightli_arrival_windingriver
D:2:      lemuel_doored_altar, grunt_temple_overflow_open,
          kennysheep_generic_room_6

Action                   || total
-------------------------++-------
Melee: Mace              ||   115
Invok: Depart the Abyss  ||     1
  Use: Scroll            ||     2
       Potion            ||     1
